[Event "32nd Panamerican Youth 2022"]
[Site "Montevideo"]
[Date "2022.07.01"]
[Round "8.28"]
[White "Fiorito, Joaquin"]
[Black "Mayta Aiza, Maveric"]
[Result "1-0"]
[ECO "B64"]
[WhiteElo "2310"]
[BlackElo "1981"]
[Annotator "TA"]
[PlyCount "67"]
[EventDate "2022.06.26"]
[EventType "swiss"]
[EventCountry "URU"]
[SourceTitle "playchess.com"]
[Source "ChessBase"]
[SourceQuality "1"]
[TimeControl "5400+30"]

1. e4 c5 2. Nf3 Nc6 3. d4 cxd4 4. Nxd4 Nf6 5. Nc3 d6 6. Bg5 e6 7. Qd2 Be7 8. O-O-O O-O 9. f4 h6 10. h4 Nxd4 11. Qxd4 Qa5 {[#] B65: Sicilian: Richter-Rauzer: 7...Be7 8 0-0-0 0-0 9 f4 Nxd4.} (11... hxg5 12. hxg5 Ng4 13. e5 dxe5 14. Qe4 $15) 12. Qe3 $1 {[%cal Oc1b1] White is more active.} Rd8 {[%emt 0:02:30] [#]} (12... hxg5 $2 13. hxg5 Ng4 14. Qh3 $18) 13. Kb1 $1 Kf8 {[%emt 0:00:30] [#] White has an edge.} (13... hxg5 $2 14. hxg5 g6 15. Qh3 $18 (15. gxf6 Bxf6 16. Nb5 Qb6 $16)) (13... Bd7 14. Qg3) 14. g4 $146 ({Predecessor:} 14. Bd3 Bd7 15. e5 dxe5 16. fxe5 Ng4 17. Bxe7+ Kxe7 18. Qg3 Nxe5 19. Qxg7 Rg8 20. Qxh6 Nxd3 21. Rxd3 {1-0 (31) Iljiushenok,I (2516)-Gutenev,A (2474) Sochi 2018}) 14... b5 $2 (14... hxg5 15. hxg5 Ng8 16. Rh8 $16) (14... Bd7 $14) 15. Bxf6 $18 (15. Bxb5 Bb7 $15) 15... Bxf6 16. Ne2 (16. Nxb5 $6 a6 17. Nd4 (17. Nxd6 Bxb2 18. Kxb2 Rxd6 $16) 17... e5 $16) ({Better is} 16. e5 $18 b4 17. Bg2 (17. exf6 bxc3 18. fxg7+ Kxg7 $18) 17... bxc3 18. Bxa8 dxe5 19. Rxd8+ (19. Qxc3 Rxd1+ 20. Rxd1 Qxc3 $15) 19... Bxd8 20. Qxe5) 16... h5 $2 (16... Qb4 $16 {was worth a try.} 17. c3 Qc5) 17. g5 (17. gxh5 Bb7 $14) 17... Be7 18. g6 (18. f5 $142) 18... Bf6 $2 (18... Qb6 19. Qg3 Bb7) 19. Bg2 (19. e5 $142 Bb7 20. exf6 $1) 19... Bb7 20. gxf7 {[%emt 0:01:24][%cal Oe4e5] Threatens to win with e5!} Rac8 {[%emt 0:00:00] [#]} (20... Qb6 $142 21. Qb3 (21. Qxb6 axb6 22. Nd4 Bxd4 $11) 21... Rac8) 21. Nd4 (21. e5 $1 $18 Bxg2 22. exf6 Bxh1 23. Qxe6 (23. Rxh1 gxf6 24. Qe4 e5 $16) 23... gxf6 24. Qxf6 (24. Rxh1 Qc7 $11) (24. Rg1 Bg2 $16)) 21... Bxd4 $16 22. Rxd4 {[%emt 0:00:17] Bh3 is the strong threat. Dancing on a razor blade.} Qc7 (22... Rc4 $16 {was necessary.}) 23. Rd2 {[%emt 0:02:12] And now Bh3 would win.} Qxf7 (23... Qc5 $142 24. Qe2 (24. Qxc5 dxc5 25. Kc1 Kxf7 $14) 24... Rc7) 24. Rhd1 $18 Rc6 (24... Qe7 $142 25. Qxa7 Kg8) 25. e5 ({Less strong is} 25. Qxa7 Ra6 26. Qf2 Kg8 $16) 25... d5 (25... Rb6 $142 26. Bxb7 Rxb7 27. Rxd6 (27. exd6 Rbd7 $18) 27... Re8) 26. f5 Kg8 (26... Rb6 $142 27. Qg5 Rd7) 27. Qg5 Re8 28. f6 g6 {[%emt 0:00:00] [#]} 29. Be4 $1 {[%emt 0:00:52][%mdl 512] White mates.} dxe4 (29... Rc4 30. Bxg6) 30. Rd7 Rc7 31. Rxf7 Kxf7 32. Qh6 Rec8 33. Qg7+ Ke8 34. Qg8# {[%emt 0:00:04] Weighted Error Value: White=0.35/Black=0.89} 1-0

[Event "32nd Panamerican Youth 2022"]
[Site "Montevideo"]
[Date "2022.07.01"]
[Round "8.29"]
[White "Sanchez Tobar, Francisca Valenti"]
[Black "Borda Rodas, Anapaola S."]
[Result "0-1"]
[ECO "C47"]
[WhiteElo "1839"]
[BlackElo "2183"]
[Annotator "RC"]
[PlyCount "102"]
[EventDate "2022.06.26"]
[EventType "swiss"]
[EventCountry "URU"]
[SourceTitle "playchess.com"]
[Source "ChessBase"]
[SourceQuality "1"]
[TimeControl "5400+30"]

1. e4 e5 2. Nf3 Nc6 3. Nc3 Nf6 4. d4 exd4 5. Nxd4 Nxe4 6. Nxe4 Qe7 7. f3 d5 8. Nxc6 bxc6 9. Qe2 dxe4 10. Qxe4 Qxe4+ 11. fxe4 Bd6 12. Bc4 Ke7 13. Be3 Be6 14. Bd3 Rhd8 15. Kf2 Be5 16. Rhb1 Kf6 17. Be2 a5 18. a4 Rab8 19. c3 Rb3 20. Bd1 Rb7 21. Bc2 Rdb8 22. Bc1 Bb3 23. Bd3 c5 24. c4 Rb4 25. Bd2 Rxa4 26. Rxa4 Bxa4 27. Bxa5 Bb3 28. Bc3 Ba2 29. Rc1 Bxc3 30. bxc3 Rb2+ 31. Kf3 Ke5 32. Rd1 Bb3 33. Rc1 Rd2 34. Be2 Rc2 35. Rxc2 Bxc2 36. Ke3 Bxe4 37. g3 f5 38. Bf1 g5 39. Be2 f4+ 40. Kf2 Bf5 41. Bh5 g4 42. gxf4+ Kxf4 43. Bf7 Bd3 44. Bd5 h5 45. Bf7 h4 46. Bd5 Be4 47. Be6 g3+ 48. hxg3+ hxg3+ 49. Kg1 Ke3 50. Bd5 Bxd5 51. cxd5 c4 0-1

[Event "32nd Panamerican Youth 2022"]
[Site "Montevideo"]
[Date "2022.07.01"]
[Round "8.30"]
[White "Garcia Andrada, Heidy Nicole"]
[Black "Ibarra Mayorga, Ximena"]
[Result "1/2-1/2"]
[ECO "A01"]
[WhiteElo "1968"]
[BlackElo "1686"]
[Annotator "RC"]
[PlyCount "132"]
[EventDate "2022.06.26"]
[EventType "swiss"]
[EventCountry "URU"]
[SourceTitle "playchess.com"]
[Source "ChessBase"]
[SourceQuality "1"]
[TimeControl "5400+30"]

1. b3 Nf6 2. Bb2 d6 3. e3 g6 4. e4 Bg7 5. g3 O-O 6. Bg2 e5 7. Ne2 Nc6 8. O-O Ne8 9. d4 exd4 10. Nxd4 Nxd4 11. Bxd4 Bxd4 12. Qxd4 Qf6 13. Qxf6 Nxf6 14. c4 Rb8 15. Nc3 a6 16. Rac1 Re8 17. Nd5 Nxd5 18. cxd5 f5 19. f3 Re7 20. Rc3 fxe4 21. fxe4 b6 22. Rfc1 Rb7 23. h3 Ra7 24. Kf2 a5 25. Ke3 Kf8 26. Kd4 Ke8 27. Re3 Kd8 28. e5 Rxe5 29. Rxe5 dxe5+ 30. Kxe5 Ke7 31. Rxc7+ Rxc7 32. d6+ Kd7 33. dxc7 Kxc7 34. Kf6 Kd6 35. Kg7 Ke5 36. Kxh7 Kf6 37. h4 Bg4 38. Be4 g5 39. Kg8 gxh4 40. gxh4 Bh5 41. Bd5 Bg6 42. Bf3 Bb1 43. a4 Bc2 44. Bd5 Bg6 45. Kf8 Bh5 46. Bc4 Bg6 47. Bb5 Bf7 48. Bc4 Bh5 49. Bd3 Bf7 50. Bc2 Bh5 51. Kg8 Bf7+ 52. Kh7 Bh5 53. Kh6 Bf7 54. h5 Be6 55. Kh7 Bf7 56. h6 Be6 57. Kh8 Bf7 58. Bd1 Be6 59. Bc2 Bf7 60. Kh7 Be6 61. Kh8 Bf7 62. Bd1 Be6 63. h7 Bf7 64. Bh5 Bxb3 65. Be8 Be6 66. Bb5 Bf7 1/2-1/2

[Event "32nd Panamerican Youth 2022"]
[Site "Montevideo"]
[Date "2022.07.01"]
[Round "8.31"]
[White "Matus, Nastassja"]
[Black "Castano, Saray"]
[Result "1-0"]
[ECO "D74"]
[WhiteElo "1918"]
[BlackElo "1721"]
[Annotator "RC"]
[PlyCount "77"]
[EventDate "2022.06.26"]
[EventType "swiss"]
[EventCountry "URU"]
[SourceTitle "playchess.com"]
[Source "ChessBase"]
[SourceQuality "1"]
[TimeControl "5400+30"]

1. d4 Nf6 2. c4 g6 3. g3 Bg7 4. Bg2 d5 5. cxd5 Nxd5 6. Nf3 O-O 7. O-O c6 8. Nc3 Nb6 9. h3 N8d7 10. e4 e5 11. Bg5 f6 12. Be3 exd4 13. Nxd4 Ne5 14. b3 Qe7 15. f4 Nf7 16. Qe2 Re8 17. Bf2 Bd7 18. Rfd1 Rad8 19. Rac1 Bc8 20. Nc2 Rxd1+ 21. Rxd1 Qc7 22. Nb4 Bf8 23. Nd3 Nd7 24. Qc2 Qb8 25. Na4 Nd6 26. Re1 b5 27. Nac5 Nxc5 28. Bxc5 Nb7 29. Bxf8 Rxf8 30. Qxc6 a6 31. Kh2 Qa7 32. e5 Qd4 33. Qd5+ Qxd5 34. Bxd5+ Kg7 35. Rc1 Bf5 36. Rc7+ Kh8 37. Bxb7 Bxd3 38. e6 Re8 39. e7 1-0

[Event "32nd Panamerican Youth 2022"]
[Site "Montevideo"]
[Date "2022.07.01"]
[Round "8.32"]
[White "Munoz Orozco, Shirley Grace"]
[Black "Bosco, Giuliana"]
[Result "0-1"]
[ECO "C16"]
[WhiteElo "1288"]
[BlackElo "1867"]
[Annotator "NA RC"]
[PlyCount "62"]
[EventDate "2022.06.26"]
[EventType "swiss"]
[EventCountry "URU"]
[SourceTitle "playchess.com"]
[Source "ChessBase"]
[SourceQuality "1"]
[TimeControl "5400+30"]

1. e4 e6 2. d4 d5 3. Nc3 Bb4 4. e5 Qd7 5. a3 Bxc3+ 6. bxc3 b6 7. Bd2 Ba6 8. Bxa6 Nxa6 9. Qg4 f5 10. Qg3 Nb8 11. Ne2 Nc6 12. h4 O-O-O 13. O-O Qf7 14. Nf4 ({White should play} 14. c4 $11) 14... Nge7 15. Nh3 (15. a4 $15) 15... h6 16. f4 Rdg8 17. Rf3 Qh5 18. Kf1 Na5 19. Qf2 Nc4 20. Ke2 Qe8 (20... Qg4 $142 21. Be1 Qh5) 21. a4 Nb2 22. a5 Qb5+ 23. Ke1 Nc4 24. axb6 axb6 25. Bc1 Kb7 26. Qe2 Ra8 27. Rxa8 $19 Rxa8 28. Kf2 $2 (28. Nf2 {keeps fighting.}) 28... Qb1 29. Be3 Ra2 30. Kg3 Rxc2 31. Rf1 Rxe2 0-1

[Event "32nd Panamerican Youth 2022"]
[Site "Montevideo"]
[Date "2022.07.02"]
[Round "9.2"]
[White "Ling, Chenxuan"]
[Black "Silva, Juliana Figueira The"]
[Result "1-0"]
[ECO "B21"]
[WhiteElo "1628"]
[BlackElo "1310"]
[Annotator "NA RC"]
[PlyCount "60"]
[EventDate "2022.06.26"]
[EventType "swiss"]
[EventCountry "URU"]
[SourceTitle "playchess.com"]
[Source "ChessBase"]
[SourceQuality "1"]
[TimeControl "5400+30"]

1. e4 c5 2. f4 Nc6 3. Nf3 g6 4. Bc4 Bg7 5. Nc3 d6 6. d3 Nf6 7. h3 O-O 8. Be3 a6 9. a3 b5 10. Bd5 Bb7 11. Qd2 Nxd5 12. exd5 Nd4 13. O-O-O Nxf3 14. gxf3 b4 15. axb4 cxb4 16. Na4 Qa5 17. b3 Bxd5 18. Bb6 Qb5 19. Rde1 Rfc8 20. Kb1 Rab8 21. Rxe7 Rxb6 22. Nxb6 Qxb6 23. f5 Qd4 24. c3 Rxc3 25. Re8+ Bf8 26. Qh6 Rxb3+ 27. Kc2 Rb2+ 28. Kc1 Qc3+ 29. Kd1 Bxf3+ 30. Re2 Bxe2# 1-0

[Event "32nd Panamerican Youth 2022"]
[Site "Montevideo"]
[Date "2022.07.02"]
[Round "9.3"]
[White "Li, Iris"]
[Black "Lugo Martinez, Jimena Sofia"]
[Result "1-0"]
[ECO "C55"]
[WhiteElo "1635"]
[BlackElo "1228"]
[Annotator "NA RC"]
[PlyCount "59"]
[EventDate "2022.06.26"]
[EventType "swiss"]
[EventCountry "URU"]
[SourceTitle "playchess.com"]
[Source "ChessBase"]
[SourceQuality "1"]
[TimeControl "5400+30"]

1. e4 e5 2. Nf3 Nc6 3. Bc4 Nf6 4. d3 h6 5. c3 Bc5 6. Nbd2 O-O 7. h3 Re8 8. O-O d6 9. b4 Bb6 10. a4 a6 11. Re1 Be6 12. Bxe6 fxe6 13. Nc4 Ba7 14. Be3 Nd7 15. Bxa7 Rxa7 16. Ne3 Nf6 17. Qb3 d5 18. exd5 exd5 19. b5 Na5 20. Qb4 b6 21. Nc2 c5 22. bxc6 Nxc6 23. Qb3 Rae7 24. Rab1 Rb7 25. c4 d4 26. c5+ Kh8 27. cxb6 Nd5 28. Qc4 Nb8 29. Nxe5 Rf8 30. Ng6+ 1-0

[Event "32nd Panamerican Youth 2022"]
[Site "Montevideo"]
[Date "2022.07.02"]
[Round "9.4"]
[White "Yue, Tariq"]
[Black "Martinez Flores, Matias"]
[Result "1-0"]
[ECO "D46"]
[WhiteElo "1397"]
[BlackElo "1680"]
[Annotator "NA RC"]
[PlyCount "127"]
[EventDate "2022.06.26"]
[EventType "swiss"]
[EventCountry "URU"]
[SourceTitle "playchess.com"]
[Source "ChessBase"]
[SourceQuality "1"]
[TimeControl "5400+30"]

1. Nf3 d5 2. d4 Nf6 3. c4 e6 4. Nc3 c6 5. e3 Be7 6. Bd3 Nbd7 7. O-O O-O 8. e4 dxe4 9. Nxe4 Nxe4 10. Bxe4 Nf6 11. Bc2 b6 12. Be3 Bb7 13. Qe2 Qc7 14. Rac1 Ng4 15. h3 Nxe3 16. fxe3 c5 17. Qd3 g6 18. Ne5 Rad8 19. Qc3 f5 20. Rcd1 Bf6 21. a4 Bxe5 22. dxe5 a5 23. Rd3 Rxd3 24. Bxd3 Qc6 25. Qc2 Rd8 26. Rf2 Qd7 27. Bf1 Qd1 28. Qxd1 Rxd1 29. Rc2 Ra1 30. b3 Rb1 31. Rd2 Rxb3 32. Rd8+ Kg7 33. Rd7+ Kh6 34. Rxb7 Rb4 35. Kf2 Rxa4 36. Rxb6 Ra1 37. Rb5 a4 38. Rxc5 a3 39. Ra5 a2 40. c5 Rc1 41. Rxa2 Rxc5 42. Ra6 Rxe5 43. Bc4 Kg5 44. Rxe6 Rc5 45. Be2 Rc2 46. Kf3 Rc3 47. g3 h5 48. h4+ Kh6 49. Bb5 Rc7 50. Be8 Rg7 51. Kf4 Rg8 52. Bf7 Rg7 53. Rf6 Kh7 54. Kg5 Kh8 55. Bxg6 f4 56. Rf8+ Rg8 57. Rxg8+ Kxg8 58. gxf4 Kg7 59. e4 Kg8 60. e5 Kg7 61. e6 Kf8 62. Kf6 Kg8 63. e7 Kh8 64. e8=R# 1-0

[Event "32nd Panamerican Youth 2022"]
[Site "Montevideo"]
[Date "2022.07.02"]
[Round "9.5"]
[White "Mollo Figueroa, Nicole"]
[Black "Vidyarthi, Omya"]
[Result "0-1"]
[ECO "C54"]
[WhiteElo "1362"]
[BlackElo "1780"]
[Annotator "NA RC"]
[PlyCount "108"]
[EventDate "2022.06.26"]
[EventType "swiss"]
[EventCountry "URU"]
[SourceTitle "playchess.com"]
[Source "ChessBase"]
[SourceQuality "1"]
[TimeControl "5400+30"]

1. e4 e5 2. Nf3 Nc6 3. Bc4 Bc5 4. c3 Nf6 5. d3 d6 6. O-O O-O 7. Bb3 h6 8. h3 Bb6 9. Nbd2 Ne7 10. Re1 Ng6 11. Nf1 Be6 12. Be3 Re8 13. Ng3 d5 14. Qc2 Bxe3 15. Rxe3 c5 16. c4 d4 17. Ree1 Nh7 18. Ba4 Re7 19. a3 Rc7 20. Qd2 Qf6 21. Nh5 Qe7 22. Ng3 b6 23. Nf5 Qf6 24. g4 Nf4 25. Kh2 Ng5 26. Nxg5 hxg5 27. Rg1 g6 28. Nd6 Qh8 29. Rg3 Bxg4 30. Rh1 f6 31. Qxf4 exf4 32. Rxg4 Rd8 33. Ne8 Re7 34. f3 a6 35. Rhg1 b5 36. Nxf6+ Qxf6 37. cxb5 axb5 38. Bxb5 Rb8 39. Bc4+ Kg7 40. b3 Re5 41. a4 Rh8 42. a5 Ra8 43. Ra1 Re7 44. Rg2 Rea7 45. Rga2 Qd8 46. a6 Qd7 47. Kg2 Rh8 48. Rh1 Qc8 49. e5 Qa8 50. Re1 Rxh3 51. Re4 Qh8 52. e6 Rh2+ 53. Kg1 Rh1+ 54. Kf2 Qh2# 0-1

[Event "32nd Panamerican Youth 2022"]
[Site "Montevideo"]
[Date "2022.07.02"]
[Round "9.6"]
[White "Su, Jasmine Zhixin"]
[Black "Silva, Juliana Figueira The"]
[Result "1-0"]
[ECO "B90"]
[WhiteElo "1783"]
[BlackElo "1310"]
[Annotator "NA RC"]
[PlyCount "127"]
[EventDate "2022.06.26"]
[EventType "swiss"]
[EventCountry "URU"]
[SourceTitle "playchess.com"]
[Source "ChessBase"]
[SourceQuality "1"]
[TimeControl "5400+30"]

1. e4 c5 2. Nf3 d6 3. d4 cxd4 4. Nxd4 Nf6 5. Nc3 a6 6. f3 b5 $14 7. Be3 (7. Nd5 $1 $14) 7... e6 8. Qd2 Be7 9. O-O-O O-O 10. g4 b4 11. Nce2 a5 12. Kb1 Bd7 13. h4 Nc6 14. h5 Kh8 15. g5 Ng8 16. Nxc6 Bxc6 17. Nf4 Qe8 18. g6 Nf6 19. gxf7 Qxf7 20. Ng6+ Kg8 21. Nxe7+ Qxe7 22. Qxd6 Qe8 23. Bc4 Bd7 24. e5 Nd5 25. Rxd5 exd5 26. Bxd5+ Kh8 27. Bxa8 Qxa8 28. Qxd7 Qxf3 29. Rg1 Rf7 30. Qc8+ Rf8 31. Qg4 Qf7 32. e6 Qf6 33. e7 Qxe7 34. Bc5 Qf7 35. Bxf8 Qxf8 36. Rd1 Qa8 37. Qd7 Qg8 38. Qd8 h6 39. Qxg8+ Kxg8 40. Rd5 Kf7 41. Rxa5 Kf6 42. Rb5 g5 43. hxg6 Kxg6 44. Rxb4 h5 45. a4 Kg5 46. Rb5+ Kg4 47. Rxh5 Kxh5 48. a5 Kg5 49. a6 Kf6 50. a7 Ke7 51. a8=Q Kd7 52. Qb7+ Kd6 53. Qc8 Kd5 54. b4 Kd4 55. b5 Kd5 56. b6 Kd6 57. b7 Kd5 58. b8=Q Kd4 59. Qbc7 Kd5 60. Q7d7+ Ke4 61. Qce8+ Kf3 62. Qdf7+ Kg4 63. Qeg8+ Kh4 64. Qfh7# 1-0

[Event "32nd Panamerican Youth 2022"]
[Site "Montevideo"]
[Date "2022.07.02"]
[Round "9.7"]
[White "El Hage Serrano, Caely"]
[Black "Luna Monsalve, Sofia"]
[Result "1-0"]
[ECO "C50"]
[WhiteElo "1402"]
[BlackElo "1320"]
[Annotator "NA RC"]
[PlyCount "65"]
[EventDate "2022.06.26"]
[EventType "swiss"]
[EventCountry "URU"]
[SourceTitle "playchess.com"]
[Source "ChessBase"]
[SourceQuality "1"]
[TimeControl "5400+30"]

1. e4 e5 2. Nf3 Nc6 3. Bc4 Bc5 4. O-O Nf6 5. d3 d6 6. c3 a6 $11 7. d4 exd4 (7... Bb6 $11) 8. cxd4 Ba7 9. Nc3 Bg4 10. d5 Bxf3 11. Qxf3 Ne5 12. Qe2 Qe7 13. Bb3 O-O-O 14. Be3 Bxe3 15. Qxe3 Kb8 16. h3 Rhg8 17. f4 Ned7 18. Bc2 Nb6 19. a4 Nbxd5 20. Nxd5 Nxd5 21. Qd4 Nf6 22. b4 Nd7 23. Rae1 Qf6 24. e5 dxe5 25. fxe5 Qb6 26. Qxb6 Nxb6 27. Rxf7 Nd5 28. Bxh7 Rge8 29. b5 axb5 30. axb5 Nc3 31. e6 Nxb5 32. e7 Rc8 33. Bf5 1-0

[Event "32nd Panamerican Youth 2022"]
[Site "Montevideo"]
[Date "2022.07.02"]
[Round "9.8"]
[White "Reyes Perez, Aracelly"]
[Black "Herrera Rodriguez, Flavia del Valle"]
[Result "1-0"]
[ECO "C50"]
[WhiteElo "1238"]
[BlackElo "1068"]
[Annotator "NA RC"]
[PlyCount "121"]
[EventDate "2022.06.26"]
[EventType "swiss"]
[EventCountry "URU"]
[SourceTitle "playchess.com"]
[Source "ChessBase"]
[SourceQuality "1"]
[TimeControl "5400+30"]

1. e4 e5 2. Nf3 Nc6 3. Bc4 Bc5 4. d3 Nf6 5. c3 d6 6. O-O Be6 7. Bb3 O-O 8. Bc2 a6 9. d4 Bc4 10. Re1 exd4 11. cxd4 Bb6 12. b3 Nxd4 13. Nxd4 Be6 14. Bb2 Re8 15. Nxe6 fxe6 16. Nc3 e5 17. Nd5 Nxd5 18. Qxd5+ Kh8 19. Rad1 Rf8 20. Rf1 Qh4 21. Qd2 Rf6 22. Bxe5 Bxf2+ 23. Rxf2 Qxf2+ 24. Qxf2 Rxf2 25. Kxf2 dxe5 26. Rd7 Rc8 27. Bd3 Kg8 28. Bc4+ Kf8 29. Rf7+ Ke8 30. Rxg7 Kd8 31. Rxh7 c6 32. Rh8+ Kc7 33. Rxc8+ Kxc8 34. Be6+ Kd8 35. Bf5 Kc7 36. g4 Kd6 37. g5 Ke7 38. g6 b6 39. Ke3 c5 40. h4 Kf8 41. h5 Kg7 42. Kd3 b5 43. Bc8 Kh6 44. Bxa6 b4 45. Kc4 Kxh5 46. g7 Kh6 47. g8=Q Kh5 48. Qd5 Kh4 49. Bc8 Kg3 50. Qg8+ Kf3 51. Qg4+ Ke3 52. Kxc5 Kf2 53. Qf5+ Ke3 54. Qxe5 Kf3 55. Qf6+ Ke3 56. e5 Kd2 57. Qf2+ Kc1 58. e6 Kb1 59. e7 Ka1 60. e8=Q Kb1 61. Qee1# 1-0

[Event "32nd Panamerican Youth 2022"]
[Site "Montevideo"]
[Date "2022.07.02"]
[Round "9.9"]
[White "Fiorito, Francisco"]
[Black "Paris, Adolfo"]
[Result "1-0"]
[ECO "C01"]
[WhiteElo "2268"]
[BlackElo "1640"]
[Annotator "TA"]
[PlyCount "139"]
[EventDate "2022.06.26"]
[EventType "swiss"]
[EventCountry "URU"]
[SourceTitle "playchess.com"]
[Source "ChessBase"]
[SourceQuality "1"]
[TimeControl "5400+30"]

1. e4 e6 2. d4 d5 3. exd5 exd5 4. Nf3 Nc6 5. Bb5 Bd6 6. c4 {[%emt 0:00:09] C01: French: Exchange Variation.} Nge7 $2 (6... dxc4 $11 7. Nc3 Nf6) 7. c5 $18 {[%emt 0:00:13] [#]} O-O $146 ({Predecessor:} 7... Bxh2 8. Nxh2 O-O 9. O-O Nf5 10. Bxc6 bxc6 11. Be3 Re8 12. Qd3 a5 13. Re1 Rb8 {1-0 (40) Gheorghiu,C (2283)-Kashlinskaya,A (2494) Chess.com INT 2020}) 8. cxd6 {[%emt 0:00:06] White has a decisive advantage.} Qxd6 9. O-O Bg4 10. Bxc6 Nxc6 11. Be3 Qg6 (11... f5 {might work better.} 12. Nc3 f4) 12. Nbd2 Bh3 {[%emt 0:01:18][%csl Gh3][%cal Rg6g2] [#]} 13. Nh4 Qf6 14. Qf3 Qxh4 15. Qxh3 Qf6 16. Nf3 Nb4 17. Ne5 Rfe8 18. Rfc1 Qe7 19. Qd7 f6 $2 (19... c6 20. Qxe7 Rxe7) 20. Qxe7 Rxe7 21. Nf3 Rae8 22. h4 Kf7 23. a3 Nc6 24. Rc5 Rd7 25. Rac1 a6 26. b4 Ree7 27. g3 h6 28. Rb1 Na7 29. a4 g5 30. Kg2 ({Don't play} 30. hxg5 hxg5 31. Bd2 c6 $18) 30... Nc8 31. Rh1 ({Don't do} 31. hxg5 hxg5 32. Ra1 Nb6 $18) 31... g4 (31... Nb6 $142 32. hxg5 hxg5) 32. Ne1 Nb6 33. Rc2 Kg7 34. a5 Nc4 35. Rc3 Re4 36. Nc2 Rde7 37. Ra1 c6 38. Re1 R4e6 39. Kf1 f5 40. Bf4 Re4 41. Rxe4 fxe4 42. Ne3 Nxe3+ 43. fxe3 {[%emt 0:00:06][%mdl 4096] Endgame KRB-KR} ({Not} 43. Rxe3 Rf7 44. Ke2 Kg6 $18) 43... h5 44. Ke2 Kf7 45. Rc1 Ke6 46. Rf1 Rf7 47. Kd2 Kd7 48. Kc3 (48. Rc1 $142 Rf6 49. Kc2) 48... Rf8 49. Rf2 Rf7 50. Kb3 Rf8 51. Rc2 Rh8 52. Rf2 Rf8 53. Ra2 Rc8 54. Rc2 $2 (54. Kc3 $18 Ra8 55. b5 cxb5 56. Kb3) 54... Ra8 $2 (54... Rh8 $11 55. Rc1 Rf8) 55. Rf2 Rf8 56. Kc2 Ke6 57. Kd1 {[%emt 0:00:05] [#] And now Ke1 would win.} Rf7 58. Ke1 Rf5 59. Be5 Rf3 60. Bf4 Kd7 61. Ra2 Kc8 62. Ke2 Kd8 63. b5 {[%emt 0:02:12] Threatening mate with bxa6.} axb5 64. a6 bxa6 65. Rxa6 Kd7 66. Ra7+ (66. Rb6 $142 Kd8 67. Rxc6) 66... Kd8 67. Rb7 c5 68. Rxb5 {[%emt 0:00:06] White mates.} cxd4 69. Rxd5+ Ke7 70. Rxd4 {Black got outplayed after the opening.  Weighted Error Value: White=0.19 (very precise) /Black=0.43} 1-0

[Event "32nd Panamerican Youth 2022"]
[Site "Montevideo"]
[Date "2022.07.02"]
[Round "9.9"]
[White "Monroy Lopez, Gustavo Adolfo"]
[Black "Tang, Benjamin"]
[Result "*"]
[ECO "C01"]
[WhiteElo "1427"]
[BlackElo "1707"]
[Annotator "NA RC"]
[PlyCount "23"]
[EventDate "2022.06.26"]
[EventType "swiss"]
[EventCountry "URU"]
[SourceTitle "playchess.com"]
[Source "ChessBase"]
[SourceQuality "1"]
[TimeControl "5400+30"]

1. e4 e6 2. d4 d5 3. exd5 exd5 4. Nf3 Nc6 5. Bb5 Bd6 6. c4 Nge7 7. c5 O-O 8. cxd6 Qxd6 9. O-O Bg4 10. Bxc6 Nxc6 11. Be3 Qg6 12. Nbd2 *

[Event "32nd Panamerican Youth 2022"]
[Site "Montevideo"]
[Date "2022.07.02"]
[Round "9.10"]
[White "Garzon Camelo, Andres Santiago"]
[Black "Marrujo Pardo, Mauricio Emmanuel"]
[Result "0-1"]
[ECO "C55"]
[WhiteElo "1824"]
[BlackElo "2049"]
[Annotator "ChessBase"]
[PlyCount "76"]
[EventDate "2022.06.26"]
[EventType "swiss"]
[EventCountry "URU"]
[SourceTitle "playchess.com"]
[Source "ChessBase"]
[SourceQuality "1"]
[TimeControl "5400+30"]

1. e4 e5 2. Nf3 Nc6 3. Bc4 Nf6 4. d3 h6 5. Nc3 d6 6. h3 Be6 7. Bxe6 fxe6 8. d4 exd4 9. Nxd4 Nxd4 10. Qxd4 e5 11. Qc4 Qd7 12. Be3 Qf7 13. Qd3 c6 14. f4 Be7 15. O-O O-O 16. fxe5 dxe5 17. Rf5 Qe6 18. a3 b6 19. Raf1 Rf7 20. Ne2 Rd8 21. Qa6 Rdf8 22. Ng3 Bd6 23. R5f3 Kh7 24. Qa4 b5 25. Qa6 Qc4 26. b3 Qxc2 27. Rc1 Qb2 28. Rxc6 Nxe4 29. Nxe4 Rxf3 30. gxf3 Rxf3 31. Nd2 Rxe3 32. Rxd6 Qc1+ 33. Nf1 Rg3+ 34. Kh2 Rg5 35. Rxh6+ gxh6 36. Qb7+ Rg7 37. Qe4+ Kh8 38. Qa8+ Rg8 0-1

[Event "32nd Panamerican Youth 2022"]
[Site "Montevideo"]
[Date "2022.07.02"]
[Round "9.10"]
[White "Brito Carrascal, Isabela"]
[Black "Chen, Rachel Ruoxuan"]
[Result "*"]
[ECO "C55"]
[WhiteElo "1599"]
[BlackElo "1614"]
[Annotator "NA RC"]
[PlyCount "23"]
[EventDate "2022.06.26"]
[EventType "swiss"]
[EventCountry "URU"]
[SourceTitle "playchess.com"]
[Source "ChessBase"]
[SourceQuality "1"]
[TimeControl "5400+30"]

1. e4 e5 2. Nf3 Nc6 3. Bc4 Nf6 4. d3 h6 5. Nc3 d6 6. h3 Be6 7. Bxe6 fxe6 8. d4 exd4 9. Nxd4 Nxd4 10. Qxd4 e5 11. Qc4 Qd7 12. Be3 *

[Event "32nd Panamerican Youth 2022"]
[Site "Montevideo"]
[Date "2022.07.02"]
[Round "9.11"]
[White "Hebbar, Eshaan"]
[Black "Miranda Fernandez, Marcos Manuel"]
[Result "1-0"]
[ECO "D45"]
[WhiteElo "1860"]
[BlackElo "1542"]
[Annotator "NA RC"]
[PlyCount "91"]
[EventDate "2022.06.26"]
[EventType "swiss"]
[EventCountry "URU"]
[SourceTitle "playchess.com"]
[Source "ChessBase"]
[SourceQuality "1"]
[TimeControl "5400+30"]

1. d4 d5 2. c4 c6 3. Nc3 Nf6 4. e3 e6 5. Nf3 Bd6 6. Bd3 O-O 7. O-O Nbd7 8. e4 dxe4 9. Nxe4 Nxe4 10. Bxe4 f5 11. Bc2 Nf6 12. Qe2 Qc7 13. h3 b6 14. b3 Bd7 15. Bb2 Rae8 16. Ne5 Bc8 17. Rfd1 Bb7 18. a3 Nd7 19. Nxd7 Qxd7 20. c5 Bc7 21. b4 b5 22. Bb3 Re7 23. Re1 Rfe8 24. Qc2 Kh8 25. Rad1 Bb8 26. Qc3 Qc7 27. g3 f4 28. g4 a5 29. f3 a4 30. Bc2 Qd7 31. Qd3 g6 32. d5+ e5 33. d6 Re6 34. Qe4 Kg8 35. Bb1 Qd8 36. Ba2 Qh4 37. Re2 Bc8 38. Qxe5 Qg3+ 39. Rg2 Qxg2+ 40. Kxg2 R8e7 41. Qh8+ Kf7 42. Qg7+ Ke8 43. Qg8+ Kd7 44. dxe7+ Kxe7 45. Qd8+ Kf7 46. Qf6+ 1-0

[Event "32nd Panamerican Youth 2022"]
[Site "Montevideo"]
[Date "2022.07.02"]
[Round "9.11"]
[White "Adam, Ernestina"]
[Black "Villegas Ampuero, Consuelo"]
[Result "*"]
[ECO "D45"]
[WhiteElo "1723"]
[BlackElo "1333"]
[Annotator "NA RC"]
[PlyCount "23"]
[EventDate "2022.06.26"]
[EventType "swiss"]
[EventCountry "URU"]
[SourceTitle "playchess.com"]
[Source "ChessBase"]
[SourceQuality "1"]
[TimeControl "5400+30"]

1. d4 d5 2. c4 c6 3. Nc3 Nf6 4. e3 e6 5. Nf3 Bd6 6. Bd3 O-O 7. O-O Nbd7 8. e4 dxe4 9. Nxe4 Nxe4 10. Bxe4 f5 11. Bc2 Nf6 12. Qe2 *